 Dungeon Crawl Stone Soup version 0.26.1-15-g04117e645d (webtiles) character file.

Game seed: 322456974193653434

501695 pedura the Alchemist (level 23, -4/187 HPs)
             Began as a White Draconian Transmuter on Oct 1, 2022.
             Was the Champion of the Shining One.
             Killed by divine providence
             ... invoked by a smoke demon
              (12 damage)
             ... on level 3 of the Abyss on Oct 2, 2022.
             The game lasted 03:10:27 (84960 turns).

pedura the Alchemist (White Draconian Transmuter)  Turns: 84960, Time: 03:10:28

Health: -4/187     AC: 26    Str: 10      XL:     23   Next: 77%
Magic:  5/25       EV: 19    Int: 15 (18) God:    the Shining One [******]
Gold:   4757       SH:  8    Dex:  8      Spells: 2/42 levels left

rFire    . . .     SeeInvis +     - Unarmed
rCold    + . .     Faith    .   (no shield)
rNeg     + + +     Spirit   .   (armour unavailable)
rPois    ∞         Reflect  .   N - +0 mask of the Dragon {Will+ Slay+3 SInv}
rElec    +         Harm     .   I - scarf {repulsion}
rCorr    +         Rampage  .   (gloves currently unavailable)
Will     +++..     Rnd*Rage +   (boots currently unavailable) Stlth +.........Rnd*Tele +
                                H - amulet of the acrobat
HPRegen  0.00/turn              h - ring of resist corrosion
MPRegen  0.19/turn              U - ring of willpower

@: divine shield, about to teleport, statue-form, glowing, repel missiles, very
slow
A: (breathe frost), unfitting armour, hooves 1, [berserk 3], blurry vision 1,
[clumsy 2], cold resistance 1, [deterioration 2], dopey 1[+1], [frail 3], [low
mp 3], [screaming 2], [inhibited regeneration], [teleportitis 2], [weak 2], no
potion heal 1[+2], cold-blooded, [subdued magic 3], AC +11
}: 3/15 runes: barnacled, silver, gossamer
a: End Transformation, Renounce Religion, Divine Shield, Cleansing Flame, Summon
Divine Warrior, Brand Weapon With Holy Wrath


You were on level 3 of the Abyss.
You worshipped the Shining One.
The Shining One was exalted by your worship.
You were a stone statue.
You visited 9 branches of the dungeon, and saw 43 of its levels.
You visited the Abyss 2 times.
You also visited: Ice Cave.

You collected 7208 gold pieces.
You spent 2451 gold pieces at shops.

Inventory:

Missiles
 A - 12 curare-tipped darts (quivered)
Armour
 D - a scarf of resistance
 I - a scarf of repulsion (worn)
 N - the +0 mask of the Dragon (worn) {Will+ Slay+3 SInv}
   (You bought it in a shop on level 10 of the Dungeon)

   It affects your accuracy and damage with ranged weapons and melee attacks
   (+3).
   It affects your willpower, your defense against some magical effects.
   It lets you see invisible.
 V - a +2 pair of boots of flying (melded)
Jewellery
 h - a ring of resist corrosion (left hand)
 k - an uncursed ring of protection from cold
 l - the ring "Rucsisax" {rC+ rN+}
   (You took it off a death knight on level 3 of the Crypt)

   [ring of positive energy]

   It protects you from cold.
   It protects you from negative energy.
 n - an uncursed ring of willpower
 y - an uncursed ring of wizardry
 z - an uncursed ring of protection from fire
 H - an amulet of the acrobat (around neck)
 L - an uncursed ring of fire
 U - a ring of willpower (right hand)
Wands
 a - a wand of acid (34)
 o - a wand of iceblast (15)
 r - a wand of polymorph (5)
 t - a wand of disintegration (21)
 v - a wand of flame (24)
 x - a wand of digging (44)
Scrolls
 e - 7 scrolls of fear
 f - 14 scrolls of remove curse
 g - 2 scrolls of amnesia
 i - 2 scrolls of enchant weapon
 m - a scroll of fog
 p - 6 scrolls of blinking
 u - 9 scrolls of teleportation
 G - a scroll of acquirement
 K - 4 scrolls of summoning
 P - a scroll of brand weapon
 R - a scroll of holy word
 T - a scroll of identify
 W - 4 scrolls of magic mapping
 X - 4 scrolls of silence
Potions
 b - 4 potions of lignification
 c - 2 potions of might
 d - 3 potions of attraction
 j - a potion of cancellation
 s - 13 potions of curing
 w - 6 potions of heal wounds
 B - 7 potions of resistance
 E - 9 potions of flight
 F - 7 potions of brilliance
 J - a potion of berserk rage {unknown}
 M - 10 potions of ambrosia
 S - 2 potions of magic
 Z - 6 potions of haste


   Skills:
 - Level 17.3 Fighting
 - Level 16.7 Dodging
 - Level 17.9 Unarmed Combat
 - Level 10.0 Spellcasting
 - Level 8.3 Hexes
 - Level 11.1 Translocations
 - Level 18.0 Transmutations
 - Level 9.0 Air Magic
 - Level 15.7 Earth Magic
 + Level 6.4 Invocations
 - Level 6.0 Evocations


You had 2 spell levels left.
You knew the following spells:

 Your Spells              Type           Power        Failure   Level
a - Silence               Hex/Air        8%           3%          5
b - Wereblood             Tmut           32%          0%          2
c - Statue Form           Tmut/Erth      20%          1%          6
d - Blade Hands           Tmut           16%          0%          5
e - Irradiate             Conj/Tmut      9%           3%          5
f - Dragon Form           Tmut           16%          1%          7
g - Dispersal             Tloc           10%          9%          6
h - Blink                 Tloc           N/A          0%          2
i - Passwall              Tmut/Erth      25%          0%          2

Your spell library contained the following spells:

 Spells                   Type           Power        Failure   Level
 Apportation              Tloc           42%          0%          1
 Beastly Appendage        Tmut           64%          0%          1
 Sandblast                Erth           56%          0%          1
 Corona                   Hex            18%          1%          1
 Shock                    Conj/Air       44%          1%          1
 Sting                    Tmut/Pois      72%          1%          1
 Corpse Rot               Necr/Air       N/A          1%          2
 Ensorcelled Hibernation  Hex/Ice        20%          1%          2
 Poisonous Vapours        Pois/Air       22%          1%          2
 Slow                     Hex            17%          1%          2
 Swiftness                Air            18%          1%          2
 Animate Skeleton         Necr           6%           4%          1
 Foxfire                  Conj/Fire      12%          4%          1
 Freeze                   Ice            12%          4%          1
 Magic Dart               Conj           12%          4%          1
 Pain                     Necr           12%          4%          1
 Summon Small Mammal      Summ           12%          4%          1
 Searing Ray              Conj           6%           8%          2
 Sublimation of Blood     Necr           1%           8%          2
 Petrify                  Tmut/Erth      30%          0%          4
 Gell's Gravitas          Tloc           10%          1%          3
 Ignite Poison            Fire/Tmut/Pois 13%          1%          3
 Lesser Beckoning         Tloc           10%          1%          3
 Portal Projectile        Hex/Tloc       38%          1%          3
 Spider Form              Tmut/Pois      9%           1%          3
 Static Discharge         Conj/Air       11%          1%          3
 Stone Arrow              Conj/Erth      32%          1%          3
 Teleport Other           Tloc           21%          1%          3
 Tukima's Dance           Hex            17%          1%          3
 Airstrike                Air            9%           1%          4
 Cause Fear               Hex            8%           1%          4
 Ice Form                 Ice/Tmut       18%          1%          4
 Leda's Liquefaction      Hex/Erth       11%          1%          4
 Passage of Golubria      Tloc           N/A          1%          4
 Lee's Rapid Deconstruct  Erth           14%          1%          5
 Yara's Violent Unravell  Hex/Tmut       12%          1%          5
 Hydra Form               Tmut           16%          1%          6
 Dazzling Flash           Conj/Hex       20%          2%          3
 Inner Flame              Hex/Fire       10%          2%          3
 Summon Guardian Golem    Hex/Summ       10%          2%          3
 Alistair's Intoxication  Tmut/Pois      12%          3%          5
 Mephitic Cloud           Conj/Pois/Air  8%           4%          3
 Iskenderun's Mystic Bla  Conj/Tloc      12%          4%          4
 Borgnjor's Vile Clutch   Necr/Erth      8%           5%          5
 Summon Lightning Spire   Summ/Air       11%          9%          4
 Fulminant Prism          Conj/Hex       5%           10%         4
 Summon Forest            Summ/Tloc      6%           16%         5
 Conjure Flame            Conj/Fire      3%           17%         3
 Vampiric Draining        Necr           1%           17%         3
 Bolt of Magma            Conj/Fire/Erth 6%           19%         5
 Eringya's Noxious Bog    Tmut/Pois      9%           24%         6
 Lightning Bolt           Conj/Air       5%           26%         5
 Metabolic Englaciation   Hex/Ice        5%           30%         5
 Summon Mana Viper        Hex/Summ       10%          30%         5
 Invisibility             Hex            17%          30%         6
 Iron Shot                Conj/Erth      8%           38%         6
 Animate Dead             Necr           1%           54%         4
 Dispel Undead            Necr           3%           54%         4
 Olgreb's Toxic Radiance  Pois           3%           54%         4
 Sticky Flame             Conj/Fire      3%           54%         4
 Conjure Ball Lightning   Conj/Air       5%           87%         6
 Agony                    Necr           3%           90%         5
 Excruciating Wounds      Necr           1%           90%         5
 Fireball                 Conj/Fire      1%           90%         5
 Iskenderun's Battlesphe  Conj           3%           90%         5
 Summon Demon             Summ           1%           90%         5
 Freezing Cloud           Conj/Ice/Air   4%           98%         6
 Death Channel            Necr           1%           100%        6
 Ozocubu's Refrigeration  Ice            1%           100%        6
 Shadow Creatures         Summ           N/A          100%        6
 Simulacrum               Ice/Necr       1%           100%        6
 Starburst                Conj/Fire      1%           100%        6
 Malign Gateway           Summ/Tloc      6%           100%        7
 Monstrous Menagerie      Summ           1%           100%        7
 Orb of Destruction       Conj           1%           100%        7
 Spellforged Servitor     Conj/Summ      1%           100%        7
 Summon Greater Demon     Summ           1%           100%        7
 Summon Hydra             Summ           1%           100%        7
 Chain Lightning          Conj/Air       5%           100%        8
 Ignition                 Fire           1%           100%        8
 Infestation              Necr           1%           100%        8
 Necromutation            Tmut/Necr      9%           100%        8
 Summon Horrible Things   Summ           1%           100%        8
 Death's Door             Necr           1%           100%        9
 Dragon's Call            Summ           1%           100%        9
 Shatter                  Erth           14%          100%        9
 Tornado                  Air            9%           100%        9


Dungeon Overview and Level Annotations

Branches:
Dungeon (15/15)            Temple (1/1) D:4            Lair (6/6) D:9
 Shoals (4/4) Lair:4       Spider (4/4) Lair:2        Slime (0/5) Lair:6
    Orc (2/2) D:11            Elf (0/3) Orc:2        Vaults (5/5) D:13
  Crypt (3/3) Vaults:3       Tomb (0/3) Crypt:3      Depths (3/5) D:15
  IceCv (visited)

Altars:
Ashenzari
Cheibriados
Dithmenos
Elyvilon
Fedhas
Gozag
Hepliaklqana
Kikubaaqudgha
Makhleb
Nemelex Xobeh
Okawaru
Qazlal
Ru
Sif Muna
Trog
Uskayaw
Vehumet
Wu Jian
Xom
Yredelemnul
Zin
The Shining One
Jiyva
Lugonu

Shops:
D:6 [(!}   D:10 ([[*   Orc:2 !??[   Shoals:4 =   Vaults:2 (   Vaults:4 :

Portals:
Hell: Depths:1 Depths:2
Abyss: Depths:1
Pandemonium: Depths:1
Ziggurat: Depths:3

Annotations:
D:1 exclusion: downstairs
D:7 exclusions: electric eel and two-headed ogre
D:15 2 transporters, Lyniq's ghost, journeyman DrTm
Lair:4 exclusion: downstairs
Lair:5 exclusion: 2 oklob plants
Spider:4 1 runed translucent door, peterlawrence's ghost, adept MiFi
Orc:1 3 runed translucent doors, Segg's ghost, adept GnSk
Vaults:3 3 runed translucent doors, Xafer's ghost, adept DsGl


Innate Abilities, Weirdness & Mutations

((You can breathe waves of freezing cold.))
((You can buffet flying creatures when you breathe cold.))
((Your icy white scales are hard. (AC +11)))
You cannot fit into any form of body armour.
Your flesh is cold resistant. (rC+)
You are cold-blooded and may be slowed by cold attacks.
You have large cloven feet.
Scrolls take you a little longer to read.
[You have an uncontrollable temper.]
[You are very clumsy. (Dex -4)]
[Your body often deteriorates upon taking damage.]
[You are very dopey. (Int -4)]
[You are extremely frail. (-30% HP)]
[Your magical capacity is extremely low. (-30% MP)]
[You sometimes yell uncontrollably at your foes.]
[You do not regenerate when monsters are visible.]
[You are sometimes teleported next to monsters.]
[You are very weak. (Str -4)]
[Potions cannot restore your health.]
[Your spells are much easier to cast, but much less powerful.]


Message History

The wretched star pulses with an eldritch light!
You feel weirdly uncertain.
You feel even more weirdly uncertain.
You pummel the wretched star!!
You kick the wretched star, but do no damage.
The wretched star is heavily damaged.
You hear a screech!
The raiju bursts into living lightning!
The living lightning hits the wretched star!
The wretched star resists.
The living lightning misses you.
The raiju blinks!
The wretched star glows turbulently.
The lance of force hits you!! The Shining One protects you from harm!
You are knocked back by the lance of force.
You slam into the stone wall!
* * * LOW HITPOINT WARNING * * *
A divine shield forms around you!
You recover from your berserk rage.
The smoke demon gestures at you. Something smites you!
You die...

..##FX#*#÷.
#
#X*#########
. # ...#
#...#
.##†##X#.. #
..
#X.§3*##.#
.#..
####.#..# #
# ####h# ##
#.#.# #8#
###


You could see a wretched star, a thrashing horror, a smoke demon and a raiju.

Vanquished Creatures
  Bai Suzhen (Spider:4)
  Frederick (Vaults:3)
  Nikola (Depths:1)
  A profane servitor (Crypt:3)
  Arachne (Spider:3)
  2 bone dragons
  An Ice Fiend (Abyss:3)
  3 tentacled monstrosities (Vaults:5)
  A hellephant (Abyss:3)
  4 liches
  3 quicksilver dragons
  4 titans (Vaults:5)
  A quicksilver dragon (shapeshifter) (Vaults:2)
  4 tentacled starspawn
  A sphinx (Vaults:3)
  Gastronok (Lair:1)
  An ancient champion (Crypt:1)
  3 storm dragons
  4 tengu reavers
  3 shadow dragons
  3 fire giants
  2 revenants
  7 frost giants
  17 vault wardens
  8 emperor scorpions
  3 ghost moths
  An iron dragon (Vaults:5)
  Aizul (Shoals:3)
  2 deep elf sorcerers
  9 ironheart preservers
  3 curse skulls
  6 ghouls
  2 war gargoyles (Vaults:5)
  13 stone giants
  4 vampire knights
  An ophan (Abyss:3)
  A deep elf demonologist (Vaults:5)
  Nessos (D:14)
  14 very ugly things
  A lorocyproca (Abyss:3)
  A deep elf annihilator (Vaults:5)
  Azrael (Orc:1)
  5 spark wasps
  6 entropy weavers
  A green death (Abyss:3)
  9 ettins
  3 deep elf death magi
  3 merfolk javelineers (Shoals:4)
  Josephine (Shoals:1)
  5 eidola
  A jiangshi (Crypt:1)
  10 merfolk impalers
  6 fire dragons
  A mummy priest (Crypt:3)
  10 ogre magi
  A deep elf high priest (Vaults:5)
  11 yaktaur captains
  5 rakshasas
  3 great orbs of eyes
  7 hydras
  An alligator snapping turtle (Shoals:4)
  36 vault guards
  5 ice dragons
  6 catoblepae
  A hell beast (Depths:2)
  8 merfolk avatars
  2 boulder beetles
  9 centaur warriors
  7 death knights
  2 dancing weapons
  6 deep troll shamans
  8 merfolk aquamancers
  36 two-headed ogres
  15 thrashing horrors
  5 orc high priests
  2 tengu warriors
  3 satyrs
  2 deep troll earth magi
  21 death yaks
  2 titan zombies
  A vampire mage (Crypt:2)
  17 hell knights
  Sonja (Lair:3)
  4 deep elf knights
  7 wretched stars
  A storm dragon zombie (Crypt:3)
  2 shadow wraiths
  A sea snake (shapeshifter) (Depths:2)
  A spatial maelstrom (Abyss:3)
  3 iron trolls
  A sixfirhy (Abyss:3)
  3 unseen horrors
  4 ghost moth zombies
  19 skeletal warriors
  2 anaconda zombies
  14 sea snakes
  8 flayed ghosts
  12 orc knights
  13 deep trolls
  3 wizards
  Pikel (D:9)
  5 necromancers
  20 phantasmal warriors
  9 harpies
  A glowing orange brain (Vaults:3)
  10 ironbrand convokers
  12 orb spiders
  2 shadow dragon zombies
  A mana viper (Abyss:3)
  4 deep elf archers
  A fire giant zombie (Crypt:3)
  43 wolf spiders
  12 cyclopes
  19 ugly things
  A stone giant zombie (Crypt:3)
  13 deep elf magi
  A shining eye (shapeshifter) (Vaults:4)
  14 fauns
  An orc sorcerer (D:15)
  An iron dragon zombie (Crypt:3)
  2 worldbinders (Abyss:3)
  A sphinx skeleton (Depths:2)
  12 manticores
  A shining eye (Abyss:3)
  19 elephants
  A fire giant skeleton (Crypt:1)
  A guardian serpent (shapeshifter) (Vaults:4)
  An ice statue (IceCv)
  5 black mambas
  A shock serpent skeleton (Crypt:1)
  7 smoke demons (Abyss:3)
  18 vault sentinels
  2 moths of wrath
  7 merfolk sirens
  3 torpor snails
  5 water nymphs
  A shock serpent zombie (Crypt:3)
  Maggie (D:7)
  A gargoyle (D:13)
  A rust devil (Depths:2)
  5 apocalypse crabs
  16 cane toads
  47 yaktaurs
  A kobold demonologist (D:13)
  12 freezing wraiths
  3 rime drakes
  4 efreet
  8 demonic crawlers
  11 komodo dragons
  A golden dragon simulacrum (Abyss:3)
  A minotaur zombie (Crypt:3)
  9 tengu conjurers
  3 hellwings
  2 redback zombies
  5 ancient zymes
  A red devil (Depths:2)
  A meliai (shapeshifter) (Vaults:3)
  2 hydra zombies (Crypt:3)
  23 merfolk
  6 meliai
  A guardian mummy (Crypt:3)
  37 jumping spiders
  A catoblepas skeleton (Abyss:3)
  9 trolls
  14 polar bears
  11 slime creatures
  8 wind drakes
  An ice dragon zombie (Abyss:3)
  12 hornets
  A harpy skeleton (Crypt:2)
  A hydra skeleton (Crypt:1)
  13 dream sheep
  8 snapping turtles
  2 human simulacra (Vaults:3)
  5 blink frogs (Abyss:3)
  A dream sheep (shapeshifter) (Vaults:5)
  A frost giant simulacrum (Depths:2)
  15 raiju
  A centaur simulacrum (D:14)
  89 redbacks
  9 flying skulls
  2 shadows (D:15)
  A spriggan (shapeshifter) (Vaults:2)
  5 vampires
  A yak (shapeshifter) (Vaults:3)
  8 water elementals
  A tarantella (shapeshifter) (Vaults:4)
  4 wyverns
  23 wraiths
  5 ynoxinuls (Abyss:3)
  83 yaks
  27 tarantellas
  Eustachio (D:4)
  3 basilisks
  7 fire elementals
  3 chaos spawn (Abyss:3)
  2 neqoxecs
  4 wargs
  6 vampire mosquitoes
  4 soldier ants (D:5)
  A warg (shapeshifter) (Vaults:4)
  2 floating eyes (shapeshifter)
  19 water moccasins
  An acid dragon (D:13)
  A floating eye (Depths:2)
  A manticore zombie (Crypt:3)
  42 orc warriors
  5 ice beasts
  15 large abominations
  2 snapping turtle zombies (Crypt:3)
  2 eyes of draining
  2 phantoms
  2 black bears
  24 centaurs
  13 necrophages (Crypt:3)
  27 ogres
  20 wolves
  8 boggarts
  5 big kobolds
  A big kobold (shapeshifter) (Depths:1)
  2 lemures (D:9)
  16 bullfrogs
  An octopode zombie (Crypt:1)
  5 gnoll sergeants (D:11)
  2 earth elementals
  An ogre simulacrum (Vaults:1)
  8 wyvern skeletons
  4 scorpions
  An orc simulacrum (Vaults:1)
  A troll zombie (Crypt:1)
  11 killer bees (D:5)
  A warg skeleton (Crypt:2)
  A polar bear skeleton (Crypt:2)
  4 howler monkeys
  5 wights (D:9)
  32 starcursed masses
  4 centaur zombies
  A quasit (Abyss:2)
  A wyvern simulacrum (D:13)
  2 bullfrog zombies
  A human zombie (Crypt:2)
  3 bullfrog skeletons
  9 hounds
  11 jellies
  6 centaur skeletons
  33 orc priests
  24 orc wizards
  9 small abominations
  A human skeleton (Crypt:1)
  4 iguanas
  Ijyb (D:3)
  19 worker ants
  A killer bee zombie (D:9)
  A naga zombie (Crypt:3)
  A tengu zombie (Crypt:1)
  An acid dragon zombie (Crypt:2)
  A demigod skeleton (Crypt:2)
  3 hound skeletons
  Robin (D:3)
  2 mummies (Crypt:3)
  2 worker ant zombies
  4 gnolls
  19 adders
  6 white imps
  A howler monkey simulacrum (D:9)
  5 ufetubi
  15 oozes
  A lava snake zombie (Crypt:2)
  An adder zombie (D:5)
  4 worms
  2 dart slugs
  3 leopard geckos
  106 orcs
  2 ball pythons
  6 giant cockroaches
  8 goblins
  4 hobgoblins
  4 jackals
  12 kobolds
  5 quokkas
  5 bats
  4 frilled lizards
  A quokka zombie (D:7)
  7 rats
  A lurking horror (Abyss:2)
  5 starspawn tentacles
2037 creatures vanquished.

Vanquished Creatures (others)
  A phantasmal warrior (Vaults:5)
  A neqoxec (Abyss:3)
  A small abomination (Abyss:3)
  A starcursed mass (Abyss:3)
  A bush (Lair:3)
  28 fungi
  79 plants
  17 starspawn tentacles
  3 toadstools (Depths:1)
  10 withered plants (Crypt:3)
142 creatures vanquished.

Grand Total: 2179 creatures vanquished

Notes
Turn   | Place    | Note
-------+----------+-------------------------------------------
     0 | D:1      | pedura the Draconian Transmuter began the quest for the
                  | Orb.
     0 | D:1      | Reached XP level 1. HP: 16/16 MP: 3/3
   442 | D:1      | Reached XP level 2. HP: 23/23 MP: 3/5
   445 | D:1      | Learned a level 2 spell: Wereblood
   483 | D:1      | Reached skill level 3 in Transmutations
  1155 | D:1      | Reached XP level 3. HP: 28/28 MP: 6/6
  1159 | D:1      | Learned a level 3 spell: Spider Form
  1355 | D:2      | Reached skill level 4 in Transmutations
  1523 | D:2      | Reached XP level 4. HP: 13/35 MP: 3/7
  2150 | D:2      | Reached skill level 5 in Transmutations
  2271 | D:2      | Found a glowing golden altar of the Shining One.
  2678 | D:2      | Found a sacrificial altar of Ru.
  2988 | D:3      | Reached XP level 5. HP: 40/40 MP: 6/8
  3006 | D:3      | Found a shimmering altar of Xom.
  3027 | D:3      | Found a sparkling altar of Nemelex Xobeh.
  3079 | D:3      | Noticed Ijyb
  3397 | D:3      | Found a white marble altar of Elyvilon.
  3761 | D:3      | Noticed Robin
  3777 | D:3      | Killed Robin
  3966 | D:3      | Killed Ijyb
  4036 | D:3      | Found an opulent altar of Gozag.
  4121 | D:3      | Reached skill level 6 in Transmutations
  4287 | D:3      | Found an ornate altar of the Wu Jian Council.
  4947 | D:4      | Found a snail-covered altar of Cheibriados.
  4965 | D:4      | Reached XP level 6. HP: 47/47 MP: 5/9
  5219 | D:4      | Reached skill level 7 in Transmutations
  5412 | D:4      | Noticed Eustachio
  5475 | D:4      | Killed Eustachio
  5476 | D:4      | Reached skill level 8 in Transmutations
  5476 | D:4      | Your scales start taking on an icy white colour.
  5476 | D:4      | Reached XP level 7. HP: 15/52 MP: 7/10
  5476 | D:4      | Gained mutation: Your flesh is cold resistant. (rC+) [White
                  | Draconian growth]
  5758 | D:4      | Found a staircase to the Ecumenical Temple.
  5784 | Temple   | Entered the Ecumenical Temple
  5849 | Temple   | Became a worshipper of Sif Muna the Loreminder
  5945 | D:4      | Found a bloodstained altar of Trog.
  6070 | D:5      | Entered Level 5 of the Dungeon
  6130 | D:4      | Reached skill level 9 in Transmutations
  6688 | D:5      | Reached XP level 8. HP: 58/59 MP: 8/11
  6694 | D:5      | Learned a level 5 spell: Blade Hands
  7008 | D:5      | Found a runed translucent gate.
  7008 | D:5      | Found a runed translucent gate.
  7009 | D:5      | Found a runed translucent gate.
  7024 | D:5      | Found a runed translucent door.
  7032 | D:5      | Found the +9 staff of Olgreb {rPois∞}
  7036 | D:5      | Found a runed translucent door.
  7140 | D:5      | Found a basalt altar of Yredelemnul.
  7156 | D:5      | Reached * piety under Sif Muna
  7243 | D:5      | Reached skill level 10 in Transmutations
  7380 | D:5      | Found a basalt altar of Yredelemnul.
  7935 | D:6      | Found Siomy's Distillery.
  8172 | D:6      | Bought a potion of might for 60 gold pieces
  8172 | D:6      | Bought a potion of heal wounds for 75 gold pieces
  8172 | D:6      | Bought a potion of heal wounds for 75 gold pieces
  8172 | D:6      | Bought a potion of heal wounds for 75 gold pieces
  8172 | D:6      | Bought a potion of curing for 45 gold pieces
  9068 | D:6      | Reached skill level 5 in Unarmed Combat
  9142 | D:6      | Found Bikhlan's Gadget Shop.
  9237 | D:6      | Reached ** piety under Sif Muna
  9326 | D:6      | Found Lukuot's Antique Weapon Shoppe.
  9369 | D:6      | Found Jifumi's Antique Armour Emporium.
  9591 | D:7      | Noticed Maggie
  9596 | D:7      | Found a hide-covered altar of Uskayaw.
  9624 | D:7      | Found a broken altar of Ashenzari.
  9777 | D:7      | Noticed a two-headed ogre
  9846 | D:7      | Reached skill level 5 in Fighting
  9846 | D:7      | Reached XP level 9. HP: 74/74 MP: 6/12
 10048 | D:7      | Found a sparkling altar of Nemelex Xobeh.
 10697 | D:7      | Killed Maggie
 10978 | D:8      | Found a glowing silver altar of Zin.
 11543 | D:8      | Noticed a cyclops
 11843 | D:8      | Killed a cyclops
 12116 | D:8      | Found a hazy altar of Hepliaklqana.
 12169 | D:8      | Found a shadowy altar of Dithmenos.
 12474 | D:9      | Noticed a centaur warrior
 12482 | D:9      | Noticed a deep elf mage
 12755 | D:9      | Noticed a two-headed ogre
 12764 | D:9      | Killed a two-headed ogre
 12765 | D:9      | Reached XP level 10. HP: 75/88 MP: 8/13
 12825 | D:9      | Noticed Pikel
 12857 | D:9      | Killed Pikel
 12900 | D:9      | Found a staircase to the Lair.
 12998 | D:9      | Killed a centaur warrior
 13297 | D:9      | Killed a deep elf mage
 13298 | D:9      | Reached skill level 10 in Fighting
 13423 | D:9      | Found a shimmering altar of Xom.
 13700 | D:9      | Reached *** piety under Sif Muna
 13770 | D:9      | Reached skill level 10 in Unarmed Combat
 13931 | Lair:1   | Entered Level 1 of the Lair of Beasts
 13945 | Lair:1   | Found a frozen archway.
 13954 | IceCv    | Entered an ice cave
 14353 | IceCv    | Noticed an ice statue
 14421 | IceCv    | Killed an ice statue
 14422 | IceCv    | Reached XP level 11. HP: 84/101 MP: 12/14
 14991 | IceCv    | Reached skill level 5 in Dodging
 15146 | IceCv    | Noticed a death yak
 15160 | IceCv    | Killed a death yak
 15167 | IceCv    | Reached **** piety under Sif Muna
 15498 | IceCv    | Noticed a frost giant
 15498 | IceCv    | Noticed a death yak
 15520 | IceCv    | Killed a frost giant
 15525 | IceCv    | Killed a death yak
 15530 | IceCv    | Reached XP level 12. HP: 50/110 MP: 13/15
 15809 | IceCv    | Identified the Volume of Noxious Confrontation
 16541 | Lair:1   | Noticed a seven-headed hydra
 16592 | D:10     | Entered Level 10 of the Dungeon
 16621 | D:10     | Found Ohaokh's Armour Shop.
 16629 | D:10     | Bought the +0 mask of the Dragon {Will+ Slay+3 SInv} for
                  | 501 gold pieces
 16629 | D:10     | Found the +0 mask of the Dragon {Will+ Slay+3 SInv}
 16936 | D:10     | Found Utyna's General Store.
 17133 | D:10     | Noticed a two-headed ogre
 17145 | D:10     | Killed a two-headed ogre
 17146 | D:10     | Reached skill level 10 in Dodging
 17364 | D:10     | Found Gaoniuza's Antique Armour Emporium.
 17679 | D:10     | Found Fougoic's Antique Weapon Boutique.
 18523 | Lair:1   | Found an iron altar of Okawaru.
 18873 | Lair:1   | Noticed Gastronok
 18897 | Lair:1   | Killed Gastronok
 20295 | Lair:2   | Found a hole to the Spider Nest.
 21389 | Lair:3   | Reached XP level 13. HP: 106/118 MP: 10/16
 21943 | Lair:3   | Reached ***** piety under Sif Muna
 21943 | Lair:3   | Identified Sif Muna's Compendium of the Gliding Escort (Sif
                  | Muna gifted it to you on level 3 of the Lair of Beasts)
 21943 | Lair:3   | Received a gift from Sif Muna
 22127 | Lair:3   | Noticed Sonja
 22143 | Lair:3   | Killed Sonja
 22211 | Lair:3   | Learned a level 5 spell: Irradiate
 24078 | Lair:4   | Found a staircase to the Shoals.
 24980 | Lair:5   | Reached XP level 14. HP: 58/129 MP: 12/17
 26167 | Lair:6   | Entered Level 6 of the Lair of Beasts
 26285 | Lair:5   | Identified Sif Muna's Incunabulum of Mutagenic Attacks (Sif
                  | Muna gifted it to you on level 5 of the Lair of Beasts)
 26285 | Lair:5   | Received a gift from Sif Muna
 26699 | Lair:6   | Found a viscous altar of Jiyva.
 26951 | Lair:6   | Found a staircase to the Slime Pits.
 31096 | D:11     | Found a staircase to the Orcish Mines.
 31188 | D:10     | Reached XP level 15. HP: 79/139 MP: 14/18
 31445 | D:11     | Identified Fycuzan's Compendium of Supportive Transmutation
                  | (Sif Muna gifted it to you on level 11 of the Dungeon)
 31445 | D:11     | Received a gift from Sif Muna
 32107 | Orc:1    | Entered Level 1 of the Orcish Mines
 32432 | Orc:1    | Found a runed translucent gate.
 32433 | Orc:1    | Found a runed translucent gate.
 32434 | Orc:1    | Found a runed translucent gate.
 32438 | Orc:1    | Noticed Segg's ghost (adept GnSk)
 33134 | Orc:2    | Entered Level 2 of the Orcish Mines
 33389 | Orc:2    | Learned a level 4 spell: Petrify
 33513 | Orc:2    | Reached skill level 1 in Earth Magic
 33612 | Orc:2    | Noticed Azrael
 33636 | Orc:2    | Found a staircase to the Elven Halls.
 34085 | Orc:1    | Received a gift from Sif Muna
 34797 | Orc:1    | Killed Azrael
 34798 | Orc:1    | Reached skill level 5 in Earth Magic
 35815 | Orc:2    | Found Suweso's Distillery.
 35818 | Orc:2    | Found Kataukod's Magic Scroll Shoppe.
 35821 | Orc:2    | Found Syaduceq's Magic Scroll Emporium.
 35822 | Orc:2    | Found Iproitu's Armour Shoppe.
 36181 | Orc:2    | Bought a scroll of identify for 30 gold pieces
 36181 | Orc:2    | Bought a scroll of teleportation for 45 gold pieces
 36181 | Orc:2    | Bought a scroll of teleportation for 45 gold pieces
 36182 | Orc:2    | Bought a potion of haste for 130 gold pieces
 36182 | Orc:2    | Bought a potion of haste for 130 gold pieces
 36182 | Orc:2    | Bought a potion of haste for 130 gold pieces
 38107 | D:13     | Found a gate to the Vaults.
 38290 | D:13     | Identified Sif Muna's Incunabulum of Dusty Dislocation (Sif
                  | Muna gifted it to you on level 13 of the Dungeon)
 38290 | D:13     | Received a gift from Sif Muna
 38965 | D:14     | Noticed Nessos
 39442 | D:14     | Killed Nessos
 39783 | D:13     | Reached skill level 10 in Earth Magic
 40824 | D:14     | Reached XP level 16. HP: 43/147 MP: 15/19
 41293 | D:14     | Reached skill level 15 in Dodging
 42010 | D:15     | Entered Level 15 of the Dungeon
 42011 | D:15     | Noticed Lyniq's ghost (journeyman DrTm)
 42277 | D:15     | Reached skill level 15 in Fighting
 42342 | D:15     | Found a staircase to the Depths.
 43482 | D:15     | Found a transporter.
 43488 | D:15     | Found a transporter.
 43638 | D:15     | Identified Sif Muna's Grimoire of Stones (Sif Muna gifted
                  | it to you on level 15 of the Dungeon)
 43638 | D:15     | Received a gift from Sif Muna
 43650 | D:15     | Learned a level 6 spell: Statue Form
 44110 | Shoals:1 | Entered Level 1 of the Shoals
 44179 | Spider:1 | Entered Level 1 of the Spider Nest
 46114 | Spider:1 | Reached skill level 11 in Transmutations
 48608 | Spider:3 | Reached skill level 5 in Spellcasting
 48616 | Spider:3 | Reached XP level 17. HP: 156/156 MP: 14/24
 48747 | Spider:3 | Noticed Arachne
 48778 | Spider:3 | Killed Arachne
 49879 | Spider:4 | Entered Level 4 of the Spider Nest
 50996 | Spider:4 | Identified Sif Muna's Incunabulum of Malediction (Sif Muna
                  | gifted it to you on level 4 of the Spider Nest)
 50996 | Spider:4 | Received a gift from Sif Muna
 51129 | Spider:4 | Noticed Bai Suzhen
 51822 | Spider:4 | Found a runed translucent door.
 51826 | Spider:4 | Found a shimmering altar of Xom.
 51826 | Spider:4 | Noticed peterlawrence's ghost (adept MiFi)
 51826 | Spider:4 | Identified the +5 battleaxe of the Endless Expanse {chaos,
                  | rC+ Int+3 Dex+3}
 51894 | Spider:4 | Reached skill level 10 in Spellcasting
 51938 | Spider:4 | Killed Bai Suzhen
 52183 | Spider:4 | Reached skill level 12 in Transmutations
 53069 | Spider:4 | Reached skill level 13 in Transmutations
 53243 | Spider:4 | Got a gossamer rune of Zot
 53777 | D:6      | Bought a potion of resistance for 150 gold pieces
 53777 | D:6      | Bought 2 potions of resistance for 300 gold pieces
 54061 | Shoals:1 | Identified Sif Muna's Disquisition on Necromancy (Sif Muna
                  | gifted it to you on level 1 of the Shoals)
 54061 | Shoals:1 | Received a gift from Sif Muna
 54298 | Shoals:1 | Noticed Josephine
 54324 | Shoals:1 | Killed Josephine
 54494 | Shoals:1 | Reached XP level 18. HP: 163/163 MP: 26/32
 55141 | Shoals:2 | Reached skill level 14 in Transmutations
 56310 | Shoals:3 | Reached skill level 15 in Transmutations
 56341 | Shoals:3 | Received a gift from Sif Muna
 56627 | Shoals:3 | Reached skill level 1 in Evocations
 57492 | Shoals:4 | Entered Level 4 of the Shoals
 57515 | Shoals:3 | Noticed Aizul
 57531 | Shoals:3 | Killed Aizul
 57532 | Shoals:3 | Reached skill level 5 in Evocations
 58022 | Shoals:4 | Identified the ring "Miagadoe" {rElec rC+++ rCorr Int-4
                  | Dex-2}
 58306 | Shoals:4 | Found Cuet's Jewellery Boutique.
 58424 | Shoals:4 | Reached skill level 16 in Transmutations
 58999 | Shoals:4 | Got a barnacled rune of Zot
 59620 | Vaults:1 | Entered Level 1 of the Vaults
 59670 | Vaults:1 | Identified Sif Muna's Reference Book on the Rocks and
                  | Weightlessness (Sif Muna gifted it to you on level 1 of the
                  | Vaults)
 59670 | Vaults:1 | Received a gift from Sif Muna
 59903 | Vaults:1 | Reached XP level 19. HP: 170/170 MP: 33/33
 61529 | Vaults:2 | Reached skill level 17 in Transmutations
 62464 | Vaults:2 | Reached skill level 18 in Transmutations
 62471 | Vaults:2 | Learned a level 5 spell: Silence
 62556 | Vaults:2 | Found Aron's Antique Weapon Boutique.
 62584 | Vaults:2 | Reached skill level 1 in Hexes
 63282 | Vaults:3 | Identified Itunacon's Almanac of the Icy Voyage (Sif Muna
                  | gifted it to you on level 3 of the Vaults)
 63282 | Vaults:3 | Received a gift from Sif Muna
 63506 | Vaults:3 | Identified 2 scrolls of acquirement
 63570 | Vaults:3 | Reached skill level 5 in Hexes
 64090 | Vaults:3 | Found a runed translucent gate.
 64090 | Vaults:3 | Found a runed translucent gate.
 64090 | Vaults:3 | Found a runed translucent gate.
 64093 | Vaults:3 | Noticed Xafer's ghost (adept DsGl)
 64352 | Vaults:3 | Found a staircase to the Crypt.
 64736 | Vaults:3 | Noticed Frederick
 65057 | Vaults:3 | Killed Frederick
 65058 | Vaults:3 | Reached XP level 20. HP: 178/178 MP: 26/34
 65656 | Vaults:3 | Identified Sif Muna's Almanac of Creation (Sif Muna gifted
                  | it to you on level 3 of the Vaults)
 65656 | Vaults:3 | Received a gift from Sif Muna
 65662 | Vaults:3 | Reached skill level 5 in Air Magic
 66361 | Vaults:4 | Found Duxeb's Book Boutique.
 66566 | Vaults:4 | Bought a book of Transfigurations for 660 gold pieces
 66574 | Vaults:4 | Learned a level 7 spell: Dragon Form
 66581 | Vaults:4 | Learned a level 6 spell: Dispersal
 66598 | Vaults:4 | Reached skill level 1 in Translocations
 67604 | Vaults:2 | Identified Xebi Enuilu's Volume of Displaced Enchantment
                  | (Sif Muna gifted it to you on level 2 of the Vaults)
 67604 | Vaults:2 | Received a gift from Sif Muna
 68325 | Vaults:5 | Entered Level 5 of the Vaults
 68339 | Vaults:4 | Reached skill level 5 in Translocations
 69604 | Vaults:4 | Reached XP level 21. HP: 184/184 MP: 30/35
 69613 | Vaults:4 | Reached skill level 10 in Translocations
 70329 | Vaults:5 | Identified Sif Muna's Grimoire of Enchantment and the
                  | Traveller (Sif Muna gifted it to you on level 5 of the
                  | Vaults)
 70329 | Vaults:5 | Received a gift from Sif Muna
 70396 | Vaults:5 | Learned a level 2 spell: Blink
 70856 | Vaults:5 | Cast into level 3 of the Abyss (tengu reaver)
 71107 | Abyss:3  | Paralysed by accursed screaming for 1 turns
 71117 | Abyss:3  | Reached skill level 15 in Unarmed Combat
 71310 | Abyss:3  | Found a corrupted altar of Lugonu.
 71397 | Vaults:5 | Escaped the Abyss
 72842 | Vaults:5 | Identified Sif Muna's Catalogue of Igneous Dark Rituals
                  | (Sif Muna gifted it to you on level 5 of the Vaults)
 72842 | Vaults:5 | Received a gift from Sif Muna
 73003 | Vaults:5 | Got a silver rune of Zot
 73537 | Depths:1 | Entered Level 1 of the Depths
 73540 | Depths:1 | Noticed Nikola
 73582 | Depths:1 | Found a gateway to Hell.
 73627 | Depths:1 | Killed Nikola
 73759 | Depths:1 | Found a one-way gate to the infinite horrors of the Abyss.
 73778 | Depths:1 | Reached XP level 22. HP: 196/196 MP: 31/36
 74258 | Temple   | Fell from the grace of Sif Muna
 74258 | Temple   | Became a worshipper of the Shining One
 74813 | Depths:1 | Found a one-way gate leading to the halls of Pandemonium.
 75890 | Depths:2 | Reached * piety under the Shining One
 76324 | Depths:3 | Found a gateway to a ziggurat.
 76372 | Depths:2 | Reached ** piety under the Shining One
 76484 | Depths:2 | Paralysed by a floating eye for 2 turns
 76630 | Depths:2 | Identified the +7 hunting sling "Ycedoumo" {venom, Dex+2}
 77261 | Depths:2 | Reached *** piety under the Shining One
 77957 | Crypt:1  | Entered Level 1 of the Crypt
 77989 | Crypt:1  | Reached **** piety under the Shining One
 78454 | Crypt:1  | Reached ***** piety under the Shining One
 80017 | Crypt:2  | Reached ****** piety under the Shining One
 80029 | Crypt:2  | Gained mutation: [You are weak. (Str -2)] [mutagenic glow]
 80313 | Crypt:3  | Entered Level 3 of the Crypt
 80962 | Crypt:3  | Reached XP level 23. HP: 206/206 MP: 37/37
 81172 | Crypt:3  | Identified the cursed +1 triple sword "Rissewk" {freeze,
                  | Str+4 Dex+6}
 81172 | Crypt:3  | Identified the ring "Rucsisax" {rC+ rN+}
 81213 | Crypt:3  | Got a translucent steel amulet
 81213 | Crypt:3  | Got a slimy ivory ring
 81214 | Crypt:3  | Identified the amulet of Onta {+Inv Will+ Regen+ Int+2}
                  | (You found it on level 3 of the Crypt)
 81215 | Crypt:3  | Identified the ring of Yzagyt Anuse {rN+ Dex+3} (You found
                  | it on level 3 of the Crypt)
 81688 | Crypt:3  | Found a basalt altar of Yredelemnul.
 82346 | Crypt:3  | Found a staircase to the Tomb.
 82910 | Crypt:3  | Learned a level 2 spell: Passwall
 84051 | Depths:1 | Voluntarily entered the Abyss.
 84195 | Abyss:1  | Paralysed by accursed screaming for 2 turns
 84407 | Abyss:2  | Reached skill level 15 in Earth Magic
 84659 | Abyss:3  | Gained mutation: [You are clumsy. (Dex -2)] [a neqoxec]
 84670 | Abyss:3  | Gained mutation: Scrolls take you a little longer to read.
                  | [a shining eye]
 84682 | Abyss:3  | Gained mutation: [You are occasionally teleported next to
                  | monsters.] [a shining eye]
 84684 | Abyss:3  | Lost mutation: [You are occasionally teleported next to
                  | monsters.] [potion of mutation]
 84684 | Abyss:3  | Lost mutation: [You are clumsy. (Dex -2)] [potion of
                  | mutation]
 84684 | Abyss:3  | Lost mutation: [You are weak. (Str -2)] [potion of
                  | mutation]
 84684 | Abyss:3  | Gained mutation: [Potions are less effective at restoring
                  | your health.] [potion of mutation]
 84684 | Abyss:3  | Gained mutation: [You are dopey. (Int -2)] [potion of
                  | mutation]
 84684 | Abyss:3  | Gained mutation: You have large cloven feet. [potion of
                  | mutation]
 84719 | Abyss:3  | Reached skill level 1 in Invocations
 84888 | Abyss:3  | Reached skill level 5 in Invocations
 84947 | Abyss:3  | HP: 6/187 [starcursed mass/accursed screaming (5)]
 84959 | Abyss:3  | The Shining One protects you from harm!
 84959 | Abyss:3  | HP: 8/187 [stone wall collision (8)]
 84960 | Abyss:3  | Killed from afar by a smoke demon

Illustrated notes

Levels and vault maps discovered:
D:1:      dpeg_chamrin_arrival_tetris, layout_basic
D:2:      layout_rooms, marbit_many_paths, minmay_liquid_box,
          nicolae_tso_swordbearing_angel
D:3:      layout_loops_ring, xom_teletrap_fun, nzn_wu_jian_council_hall,
          elyvilon_altar_1, nemelex_xobeh_ov_fountains_minmay,
          grunt_gozag_breadcrumbs, uniq_ijyb, uniq_robin
D:4:      layout_basic, lightli_temple_of_fire, cheibriados_altar_1,
          minmay_temple_entry_gardened_gates, uniq_eustachio
D:5:      layout_cave_pools, lemuel_round_altar, basic_altar,
          minmay_guarded_unrand_staff_of_olgreb
D:6:      layout_rooms, serial_shops, shop, kennysheep_mini,
          nicolae_shop_overgrown_old_shop, nicolae_shop_waterfront
D:7:      layout_basic, nicolae_overflow_hidden_temple, old_standard_altar,
          kennysheep_donut, grunt_ministairs_13, amcnicky_altar_gilded,
          uniq_maggie
D:8:      layout_rooms, kennysheep_mini_moat, lemuel_doored_altar,
          lemuel_round_altar
D:9:      minmay_curly_fans, layout_irregular_city, dpeg_oklobed_lair,
          basic_altar, uniq_pikel
D:10:     minmay_recursive_quarters, layout_long_grid, serial_shops, shop, shop,
          shop_statue, nicolae_shop_trees, kennysheep_generic_room_11
D:11:     layout_small_grid, kennysheep_orc_monster_closet_entryway
D:12:     layout_loops_cross
D:13:     layout_basic, lightli_vaults_fourway_checkpoint
D:14:     layout_grid_maze, hangedman_decor_growths, uniq_nessos
D:15:     hangedman_depths_entry_civil_slaughter, layout_loops_corners,
          minmay_misc_feat_plants, gauntlet_entry_generic,
          gammafunk_ghost_arena, hangedman_decor_points
Temple:   corrupted_temple
Lair:1:   layout_hall_layers, basic_altar, portal_ice_cave_entry_pillars_2,
          uniq_gastronok
Lair:2:   layout_gridlike, spider_nest_entry_webs, grunt_megastairs_1
Lair:3:   lemuel_slime, layout_chaotic_city, grunt_megastairs_2,
          infiniplex_staircase_pool, lemuel_fruit_fields, uniq_sonja
Lair:4:   layout_hall_layers, shoals_dummy_entry, grunt_megastairs_5
Lair:5:   layout_regular_city, patterned_corridor, minmay_lair_oklob_chamber,
          serial_bayou_shore_a
Lair:6:   evilmike_catoblepas_cave, layout_regular_city, slime_altar_1,
          infiniplex_staircase_pool_2
Shoals:1: layout_shoals, uniq_josephine
Shoals:2: layout_shoals, nicolae_shoals_aquamancer_cove
Shoals:3: layout_shoals, uniq_aizul
Shoals:4: shoals_end_hangedman, layout_shoals, serial_shops, shop,
          nicolae_shoals_stone_sculpture_thing
Spider:1: layout_chambers
Spider:2: nicolae_spider_mines_3, drop_trap
Spider:3: layout_chambers, uniq_arachne
Spider:4: grunt_spider_rune_circles, ebering_ghost_xom, uniq_bai_suzhen
Orc:1:    layout_caves, ebering_ghost_rock_garden, nicolae_orc_stony_grotto
Orc:2:    st_orc_pillars, layout_diamond_mine, nicolae_orc_rich_vein,
          uniq_azrael
Vaults:1: hangedman_vaults_nails, v_misc_29, ontoclasm_vaults_claustrophobia,
          v_misc_13, nicolae_vaults_shelves_hall, v_pattern_3,
          grunt_vaults_focal, nicolae_vaults_circle_grid_b,
          nicolae_vaults_theta, v_misc_19, v_misc_29,
          nicolae_vaults_puzzle_piece, nicolae_vaults_ring_of_whatevers,
          layout_vaults_omnibox
Vaults:2: nicolae_vaults_network_quincunx
          [nicolae_vaults_network_quincunx_subvault,
          nicolae_vaults_network_quincunx_subvault,
          nicolae_vaults_network_quincunx_subvault,
          nicolae_vaults_network_quincunx_subvault,
          nicolae_vaults_network_quincunx_subvault], vaults_room_ringed_pool,
          nicolae_vaults_mini_display_case, v_misc_29, v_misc_25,
          vaults_room_stairs_pillars, ontoclasm_vaults_pinch,
          layout_vaults_omnigrid, serial_shops, nicolae_shop_behind_doors,
          uniq_margery
Vaults:3: gammafunk_vaults_ghost_tricky_traps, v_misc_23,
          minmay_crypt_entry_vampire_xt, ontoclasm_vaults_ligature,
          ontoclasm_vaults_eye, vaults_dpeg_diagonal, v_misc_5, v_alt_pattern_6,
          nicolae_vaults_network_square, hangedman_vaults_snaps,
          nicolae_vaults_know_your_exits, nicolae_vaults_yaktaur_gun_rack,
          grunt_vaults_diagonal, vaults_dpeg_ring, layout_vaults_ring,
          uniq_frederick
Vaults:4: vaults_mumra_chevron_long, grunt_vaults_funneled_arena,
          vaults_mumra_chevron, hangedman_vaults_maws, v_alt_pattern_6,
          v_misc_9, hangedman_vaults_maws, nicolae_vaults_alarming,
          nicolae_vaults_shelves_hall, v_misc_28,
          ontoclasm_vaults_decontamination, nicolae_vaults_ring_of_whatevers,
          ontoclasm_vaults_fault, nicolae_vaults_little_squares_1,
          layout_vaults_maze_bifur, serial_shops, shop
Vaults:5: serial_shops
Crypt:1:  layout_rooms, grunt_crypt_arrival_split
Crypt:2:  layout_regular_city
Crypt:3:  evilmike_haunted_forest
Depths:1: layout_big_octagon, pan_entry, abyss_entry_small_statue_room,
          hell_entry, serial_bayou_pond_c, minmay_gold_behind_fungi,
          hangedman_decor_diamond_cutter, minmay_misc_feat_rugged,
          minmay_misc_feat_diagonals, wad_rectangle_vault, uniq_nikola
Depths:2: cheibrodos_birdhouse, layout_basic, kennysheep_decorative_pillar,
          grunt_mini_vestibule, minmay_misc_feat_square,
          wad_floor_pattern_untrapped, minmay_statues_item, firewood_loft,
          infiniplex_staircase_pillars_1
Depths:3: cheibrodos_spurs, layout_gridlike, enter_ziggurat_a, abyss_entry,
          rand_demon_pan_entry_7, corexii_hall_statues_l, hell_entry,
          minmay_staircase_bubble, serial_bayou_shore_b, uniq_xtahua
Abyss:3:  base: D:13, evilmike_abyss_exit_kraken,
          guppyfry_abyss_exit_spiral_guarded, evilmike_abyss_exit_15,
          due_exit_kobolds, evilmike_nicolae_abyss_rune_betentacled_crabyss,
          nicolae_abyss_rune_left_handed, base: D:3,
          guppyfry_abyss_exit_glass_guarded

Skill      XL: |  1  2  3  4  5  6  7  8  9 10 11 12 13 14 15 16 17 18 19 20 21 22 23 |
---------------+----------------------------------------------------------------------+-----
Transmutations | 3 4 5 6 8 9 10 11 13 16 18 | 18.0
Fighting       | 5 8 10 11 12 13 14 15 16 17 | 17.3
Unarmed Combat | 5 8 10 11 12 13 14 16 17 | 17.9
Dodging        | 9 11 13 14 15 16 | 16.7
Earth Magic    | 10 11 12 15 | 15.7
Spellcasting   | 5 10 | 10.0
Evocations     | 6 |  6.0
Hexes          | 8 |  8.3
Air Magic      | 2 9 |  9.0
Translocations | 9 11 | 11.1
Invocations    | 6 |  6.4

Action                   |  1- 3 |  4- 6 |  7- 9 | 10-12 | 13-15 | 16-18 | 19-21 | 22-24 || total
-------------------------+-------+-------+-------+-------+-------+-------+-------+-------++-------
Melee: Unarmed           |    19 |   118 |   192 |   399 |  1068 |  1316 |  1198 |  1135 ||  5445
       Tailslap          |    11 |     7 |    31 |    56 |   121 |   124 |   164 |   137 ||   651
       Short sword       |    56 |    51 |    90 |    45 |    13 |       |       |       ||   255
       Kick              |     9 |     6 |     1 |       |       |       |       |    22 ||    38
       Headbutt          |     3 |     1 |     1 |       |       |       |       |       ||     5
       Punch             |     3 |     2 |     6 |    14 |    57 |    66 |    64 |    69 ||   281
       Dagger            |       |     4 |     2 |       |       |       |       |       ||     6
       Bite              |       |       |       |       |       |       |       |     2 ||     2
Throw: Stone             |    10 |     4 |       |       |       |       |       |       ||    14
       Javelin           |       |     3 |       |       |       |       |       |       ||     3
       Dart              |       |     8 |    16 |     7 |     2 |       |       |       ||    33
 Cast: Beastly Appendage |    14 |     4 |     1 |       |       |       |       |       ||    19
       Wereblood         |     2 |     1 |       |     2 |     5 |    12 |     1 |       ||    23
       Spider Form       |     2 |    28 |    11 |     1 |       |       |       |       ||    42
       Blade Hands       |       |       |    34 |    60 |   140 |    21 |       |       ||   255
       Irradiate         |       |       |       |       |    15 |    31 |    40 |    18 ||   104
       Statue Form       |       |       |       |       |       |   122 |   112 |    70 ||   304
       Silence           |       |       |       |       |       |       |    10 |     3 ||    13
       Dragon Form       |       |       |       |       |       |       |     3 |     4 ||     7
       Blink             |       |       |       |       |       |       |     1 |     3 ||     4
       Dispersal         |       |       |       |       |       |       |       |     2 ||     2
Invok: Forget Spell      |       |       |       |       |       |     1 |       |       ||     1
       Divine Shield     |       |       |       |       |       |       |       |     1 ||     1
 Abil: Breathe Frost     |       |       |     3 |     1 |     1 |       |       |       ||     5
       End Transformatio |       |       |     1 |       |     3 |       |       |       ||     4
       Evoke Flight      |       |       |       |     2 |       |     7 |       |       ||     9
       Stop Flying       |       |       |       |       |       |       |     1 |       ||     1
Evoke: Wand              |       |       |     1 |       |    21 |     1 |       |     1 ||    24
  Use: Scroll            |       |     1 |     9 |     4 |    13 |     8 |    21 |     7 ||    63
       Potion            |       |       |     2 |     1 |       |     4 |     2 |     5 ||    14
 Stab: Sleeping          |     1 |     3 |       |       |       |     1 |       |       ||     5
       Distracted        |       |       |       |       |       |       |     1 |       ||     1
Armor: Skin              |    32 |    48 |    64 |   105 |   184 |   964 |   753 |   548 ||  2698
Dodge: Dodged            |    48 |   126 |   193 |   260 |   713 |  2209 |  1612 |  1363 ||  6524
       Repelled          |       |       |       |     3 |     9 |    14 |    20 |    16 ||    62
Block: Other             |       |       |       |    30 |   185 |   531 |     6 |       ||   752
       Reflection        |       |       |       |       |     6 |    36 |     1 |       ||    43
